Map: Triton LE

Players

ShaDoWn - Winner!

  • Race: Protoss Protoss
  • Spawn Location: 11:00

Rob

  • Race: Protoss Protoss
  • Spawn Location: 5:00

VOD

Have the link to the VOD?

Description

Time

  • Played on: Sept. 6, 2019, 4:27 p.m.
  • Length: 5:48
Show
View Real Time Build Order
Export as new Build Order

ShaDoWn Protoss - Winner!

Build Orders: Phoenix Opening 

Get SALT Encoding   

  12  0:00  Probe  
  13  0:12  Probe  
  14  0:17  Pylon  
  14  0:24  Probe  
  15  0:32  Probe  
  15  0:38  Gateway  
  15  0:40  Probe  
  16  0:47  Assimilator  
  17  0:51  Probe  
  18  0:57  Assimilator  
  18  1:00  Probe  
  19  1:08  Probe  
  19  1:17  Gateway, Probe  
  21  1:29  Probe  
  21  1:31  Cybernetics Core  
  22  1:37  Pylon  
  22  1:41  Probe  
  23  1:55  Probe  
  23  1:59  Warp Gate  
  24  2:07  Sentry, Stalker  
  28  2:26  Nexus  
  28  2:30  Pylon  
  28  2:32  Probe  
  29  2:39  Sentry  
  29  2:42  Phoenix  
  31  2:48  Probe, Stalker  
  34  2:59  Robotics Facility  
  34  3:00  Probe  
  36  3:12  Probe  
  36  3:17  Pylon  
  36  3:26  Shield Battery  
  37  3:29  Shield Battery  
  37  3:33  Immortal  
  36  3:44  Shield Battery  
  36  3:47  Sentry  
  42  3:52  Sentry  
  42  3:53  Probe  
  45  3:57  Probe  
  46  4:03  Immortal  
  50  4:18  Zealot  
  50  4:19  Stalker  
  50  4:30  Probe  
  51  4:37  Gateway  
  51  4:44  Stalker x2  
  55  4:48  Pylon  
  48  4:53  Warp Prism  
  48  4:55  Stalker x2  
  47  5:00  Probe  
  50  5:11  Probe  
  50  5:12  Probe  
  52  5:20  Sentry  
  54  5:23  Probe  
  54  5:24  Stalker  
  54  5:27  Probe  
  59  5:44  Pylon  
Show
View Real Time Build Order
Export as new Build Order

Rob Protoss 

Build Orders:  

Get SALT Encoding   

  12  0:00  Probe  
  13  0:12  Probe  
  14  0:17  Pylon  
  14  0:24  Probe  
  15  0:32  Probe  
  15  0:36  Gateway  
  15  0:40  Probe  
  16  0:48  Assimilator  
  17  0:51  Probe  
  17  0:55  Assimilator  
  18  1:08  Probe  
  18  1:09  Gateway  
  19  1:16  Probe  
  19  1:24  Probe  
  20  1:27  Cybernetics Core  
  21  1:34  Pylon  
  21  1:39  Probe  
  22  1:52  Probe  
  23  1:58  Warp Gate  
  23  2:03  Stalker  
  23  2:04  Probe, Stalker  
  28  2:16  Pylon  
  28  2:31  Robotics Facility  
  28  2:33  Gateway  
  28  2:39  Stalker  
  30  2:45  Stalker  
  32  2:58  Pylon  
  32  3:08  Warp Prism  
  32  3:09  Shield Battery  
  34  3:46  Stalker x3  
  40  3:50  Observer  
  40  3:52  Pylon  
  41  4:09  Stalker x3  
  47  4:34  Stalker x3  
  53  4:41  Pylon  
  35  5:06  Robotics Bay  
  33  5:07  Stalker x2  
  33  5:12  Sentry  
Tags
 
Matchup
PvP
Spawn Locations
Cross Positions
Add a new tag
Caveats
  • Supply blocks, unpowered buildings, or Contaminate may cause inaccurate times.
  • Supply counts are checked every 10 seconds.